 Dungeon Crawl Stone Soup version 0.22-a0-445-g8c8ef71062 (webtiles) character file.

245 Wekax the Cudgeler (level 5, -2/46 HPs)
             Began as a Minotaur Gladiator on June 2, 2018.
             Slain by pentaxis93's ghost (7 damage)
             ... on level 4 of the Dungeon on May 26, 2019.
             The game lasted 00:19:17 (3714 turns).

Wekax the Cudgeler (Minotaur Gladiator)             Turns: 3714, Time: 00:19:18

Health: -2/46      AC:  7    Str: 19      XL:     5   Next: 83%
Magic:  4/4        EV:  9    Int:  5 (7)  God:
Gold:   151        SH:  8    Dex: 10 (12) Spells: 4/4 levels left

rFire    . . .     SeeInvis .   a - +0 flail
rCold    . . .     Gourm    .   g - +0 shield
rNeg     . . .     Faith    .   h - +0 ring mail
rPois    .         Spirit   .   c - +0 hat
rElec    .         Reflect  .   (no cloak)
rCorr    .         Harm     .   (no gloves)
MR       .....                  (no boots)
Stlth    ..........             (no amulet)
HPRegen  0.15/turn              (no ring)
MPRegen  0.09/turn              (no ring)

@: no status effects
A: retaliatory headbutt, horns 2, slimy green scales 1, clever 1, sturdy frame 1
a: no special abilities


You were on level 4 of the Dungeon.
You were hungry.

You visited 1 branch of the dungeon, and saw 4 of its levels.

You collected 151 gold pieces.

Inventory:

Hand Weapons
 a - a +0 flail (weapon)
 r - a cursed -1 mace
Missiles
 d - 3 throwing nets (quivered)
Armour
 b - a +0 leather armour
 c - a +0 hat (worn)
 g - a +0 shield (worn)
 h - a +0 ring mail (worn)
Scrolls
 i - 2 scrolls of amnesia {unknown}
 j - 2 scrolls of teleportation {unknown}
 k - 3 scrolls of identify {unknown}
 m - a scroll of remove curse {unknown}
 q - a scroll of noise {unknown}
 s - 3 scrolls of blinking {unknown}
Potions
 e - a potion of flight {unknown}
 l - a potion of heal wounds {unknown}
 n - a potion of ambrosia {unknown}
 o - 2 potions of lignification
 p - a potion of degeneration
Comestibles
 f - 8 rations


   Skills:
 + Level 3.8 Fighting
 * Level 5.9 Maces & Flails
 + Level 3.1 Throwing
 - Level 0.6 Armour
 - Level 3.2 Dodging
 + Level 2.6 Shields


You had 4 spell levels left.
You didn't know any spells.
Your spell library was empty.

Dungeon Overview and Level Annotations

Branches:
Dungeon (4/15)
 Temple: D:4-7

Altars:
Gozag
Uskayaw

Annotations:
D:3 2 transporters
D:4 pentaxis93's ghost, amateur DEFE


Innate Abilities, Weirdness & Mutations

You reflexively headbutt those who attack you in melee.
You have a pair of horns on your head.
You are partially covered in slimy green scales. (AC +2)
Your mind is acute. (Int +2)
Your movements are slightly less encumbered by armour. (ER -2)


Message History

Pentaxis93's ghost points at you and mumbles some strange words.
The flame tongue hits you!
* * * LOW HITPOINT WARNING * * *
Pentaxis93's ghost casts a spell at you.
The puff of flame hits you!
* * * LOW HITPOINT WARNING * * *
You hit pentaxis93's ghost.
Pentaxis93's ghost is lightly damaged.
Pentaxis93's ghost closely misses you.
You sock pentaxis93's ghost!
Pentaxis93's ghost is moderately damaged.
Pentaxis93's ghost hits you but does no damage.
You closely miss pentaxis93's ghost.
Your headbutt misses pentaxis93's ghost.
Pentaxis93's ghost is moderately damaged.
You block pentaxis93's ghost's attack.
You miss pentaxis93's ghost.
Pentaxis93's ghost is moderately damaged.
Pentaxis93's ghost hits you!
You die...

##. .... #####....
##....... ##.....%##
####........### #
#.@W..........# .#
#.##........# # #.
#.###......##.#. ..
####.####..........
##.
#.......#..........
#..
#.##.##.#...##.#.#.
#.###.##.##.#......#
#
#....<........#.##.#
#####.##รท##.###.# #


You could see pentaxis93's ghost.

Vanquished Creatures
  An orc priest (D:3)
  Terence (D:2)
  Natasha (twice) (D:4)
  An iguana (D:2)
  3 adders (D:3)
  An ooze (D:1)
  A worm (D:3)
  2 dart slugs
  3 leopard geckos
  6 orcs (D:3)
  5 bats
  4 giant cockroaches
  4 goblins
  8 hobgoblins
  4 jackals (D:2)
  3 quokkas
  3 ball pythons
  4 frilled lizards
  8 kobolds
  10 rats
74 creatures vanquished.

Notes
Turn   | Place    | Note
-------+----------+-------------------------------------------
     0 | D:1      | Wekax the Minotaur Gladiator began the quest for the Orb.
     0 | D:1      | Reached XP level 1. HP: 18/18 MP: 0/0
   323 | D:1      | Reached skill level 4 in Maces & Flails
   446 | D:1      | Reached XP level 2. HP: 25/25 MP: 1/1
  1102 | D:2      | Reached XP level 3. HP: 30/30 MP: 2/2
  1104 | D:2      | Noticed Terence
  1116 | D:2      | Killed Terence
  1116 | D:2      | Reached skill level 1 in Shields
  1310 | D:2      | Found a faded altar of an unknown god.
  1413 | D:2      | Reached skill level 5 in Maces & Flails
  1413 | D:2      | Reached XP level 4. HP: 14/38 MP: 3/3
  2187 | D:3      | Found a transporter.
  2191 | D:3      | Found an opulent altar of Gozag.
  2191 | D:3      | Found a transporter.
  2192 | D:3      | Noticed an orc warrior
  2295 | D:3      | Reached XP level 5. HP: 30/45 MP: 4/4
  2563 | D:3      | Gained mutation: You are partially covered in slimy green scales. (AC +2) [potion of mutation]
  2563 | D:3      | Gained mutation: Your movements are slightly less encumbered by armour. (ER -2) [potion of mutation]
  2563 | D:3      | Gained mutation: Your mind is acute. (Int +2) [potion of mutation]
  3110 | D:3      | Found a hide-covered altar of Uskayaw.
  3624 | D:4      | Noticed Natasha
  3636 | D:4      | Killed Natasha
  3659 | D:4      | Noticed Natasha
  3675 | D:4      | Killed Natasha
  3698 | D:4      | Noticed pentaxis93's ghost (amateur DEFE)
  3714 | D:4      | Slain by pentaxis93's ghost

Vault maps used:
D:1:      lemuel_arrival_rhombus
D:2:      chequers_ecumenical_altar_simple, st_stairs_6, nrook_loot_triangle,
          uniq_terence
D:3:      eat_drink_and_be_merry_uskayaw, gammafunk_temple_overflow_arena
D:4:      kiku_gazebo_garden_becter, first_ration, led_xom_imps, uniq_natasha,
          uniq_edmund

Skill      XL: |  1  2  3  4  5 |
---------------+----------------+-----
Maces & Flails | 4 5 |  5.9
Fighting       | 3 |  3.8
Shields        | 1 2 |  2.6
Throwing       | 3 |  3.1
Armour         | |  0.6
Dodging        | |  3.2

Action                   |  1- 3 |  4- 6 || total
-------------------------+-------+-------++-------
Melee: Flail             |    76 |   109 ||   185
       Headbutt          |    12 |    10 ||    22
  Use: Potion            |       |     5 ||     5
  Eat: Ration            |     1 |       ||     1
       Chunk             |       |     5 ||     5
Armor: Leather armour    |     1 |       ||     1
       Ring mail         |    28 |    35 ||    63
Dodge: Dodged            |    51 |    47 ||    98
Block: Shield            |    40 |    36 ||    76

Table legend:
 A = Spawn XP
 B = Non-spawn XP
 C = Spawn XP percentage of total XP
 D = Spawn monster count
 E = Non-spawn monster count
 F = Spawn count percentage of total count
 G = Total turns spent on level
                    A         B        C        D         E        F      G
               +---------+---------+-------+---------+---------+-------+---------
         Total |       0 |     350 |   0.0 |       0 |      74 |   0.0 |  3714
               +---------+---------+-------+---------+---------+-------+---------
           D:1 |       0 |      22 |   0.0 |       0 |      10 |   0.0 |  1007
           D:2 |       0 |     119 |   0.0 |       0 |      33 |   0.0 |  1007
           D:3 |       0 |     135 |   0.0 |       0 |      28 |   0.0 |  1610
           D:4 |       0 |      74 |   0.0 |       0 |       3 |   0.0 |    90
               +---------+---------+-------+---------+---------+-------+---------
